 Dungeon Crawl Stone Soup version 0.28.0-45-g0d030f2227 (webtiles) character file.

Game seed: 11830679851350321761

3180 H0rd4k the Thaumaturge (level 9, -1/46 HPs)
             Began as a Deep Elf Hedge Wizard on Mar 31, 2022.
             Was an Initiate of Gozag.
             Slain by a slime creature (6 damage)
             ... while petrified by a basilisk
             ... on level 7 of the Dungeon.
             The game lasted 00:13:58 (10450 turns).

H0rd4k the Thaumaturge (Deep Elf Hedge Wizard)     Turns: 10450, Time: 00:14:01

Health: -1/46      AC:  1    Str:  7    XL:     9   Next: 63%
Magic:  25/27      EV:  2    Int: 24    God:    Gozag
Gold:   434        SH:  0    Dex: 20    Spells: 23/32 levels left

rFire   . . .      SeeInvis .   a - +0 dagger
rCold   . . .      Faith    .   (no shield)
rNeg    + + +      Spirit   .   b - +0 robe
rPois   ∞          Reflect  +   c - +0 hat
rElec   .          Harm     .   l - +2 cloak {rPois}
rCorr   .          Rampage  .   (no gloves)
Will    .....                   (no boots)
Stlth   ++........              d - amulet of reflection
HPRegen 0.15/turn               h - +6 ring of dexterity
MPRegen 0.20/turn               (no ring)

@: petrified, corroded
A: no striking features
a: Renounce Religion, Potion Petition, Call Merchant, Bribe Branch


You were on level 7 of the Dungeon.
You worshipped Gozag.
Gozag was aware of your devotion.
You visited 2 branches of the dungeon, and saw 8 of its levels.

You collected 544 gold pieces.
You paid 110 gold pieces to Gozag.

Inventory:

Hand Weapons
 a - a +0 dagger (weapon)
Armour
 b - a +0 robe (worn)
 c - a +0 hat (worn)
 l - a +2 cloak of poison resistance (worn)
Jewellery
 d - an amulet of reflection (around neck)
 h - a +6 ring of dexterity (left hand)
 s - a ring of willpower
Scrolls
 e - a scroll of fear {unknown}
 f - a scroll of fog {unknown}
 g - 2 scrolls of enchant armour
 i - a scroll of vulnerability {unknown}
 k - a scroll of amnesia {unknown}
 m - 3 scrolls of teleportation
 n - a scroll of immolation {unknown}
 q - a scroll of enchant weapon
 r - a scroll of silence {unknown}
Potions
 j - 5 potions of attraction
 o - a potion of flight {unknown}
 p - a potion of curing
 t - a potion of magic {unknown}
 u - 2 potions of might


   Skills:
 + Level 0.7 Fighting
 + Level 4.0 Dodging
 - Level 2.4 Stealth
 + Level 0.8 Shields
 + Level 12.2 Spellcasting
 + Level 8.5 Conjurations
 + Level 1.2 Summonings
 + Level 3.1 Translocations
 + Level 3.2 Fire Magic
 + Level 2.3 Air Magic
 + Level 3.0 Poison Magic


You had 23 spell levels left.
You knew the following spells:

 Your Spells              Type           Power      Damage    Failure   Level
a - Magic Dart            Conj           100%       1d8       1%          1
b - Blink                 Tloc           58%        N/A       1%          2
c - Conjure Flame         Conj/Fire      42%        6-21      1%          3
d - Mephitic Cloud        Conj/Pois/Air  36%        N/A       1%          3

Your spell library contained the following spells:

 Spells                   Type           Power      Damage    Failure   Level
 Apportation              Tloc           58%        N/A       1%          1
 Summon Small Mammal      Summ           80%        N/A       2%          1
 Call Imp                 Summ           20%        N/A       3%          2
 Gell's Gravitas          Tloc           29%        N/A       3%          3
 Lesser Beckoning         Tloc           29%        N/A       3%          3
 Teleport Other           Tloc           29%        N/A       3%          3
 Animate Skeleton         Necr           28%        N/A       4%          1
 Slow                     Hex            56%        N/A       4%          1
 Summon Guardian Golem    Hex/Summ       17%        N/A       10%         3
 Passage of Golubria      Tloc           29%        N/A       12%         4
 Manifold Assault         Tloc           29%        N/A       32%         5
 Silence                  Hex/Air        10%        N/A       56%         5
 Orb of Destruction       Conj           26%        9d9       71%         7
 Dispersal                Tloc           14%        N/A       87%         6
 Spellforged Servitor     Conj/Summ      19%        N/A       99%         7
 Storm Form               Tmut/Air       10%        N/A       100%        7
 Lehudib's Crystal Spear  Conj/Erth      17%        10d5      100%        8


Dungeon Overview and Level Annotations

Branches:
Dungeon (7/15)             Temple (1/1) D:6

Altars:
Ashenzari
Cheibriados
Dithmenos
Elyvilon
Fedhas
Gozag
Hepliaklqana
Kikubaaqudgha
Makhleb
Nemelex Xobeh
Okawaru
Qazlal
Ru
Sif Muna
Trog
Uskayaw
Vehumet
Wu Jian
Xom
Yredelemnul
Zin
The Shining One

Shops:
D:6 *

Annotations:
D:3 Ijyb
D:4 exclusion: downstairs
D:5 2 transporters, CInkIbrahim's ghost, novice MfGl
D:6 exclusion: door


Message History

You are still too unstable to blink.
Casting: Blink (safe; 1% risk of failure)
Confirm with . or Enter, or press ? or * to list all spells.
You don't know that spell.
You aren't carrying any items that you can evoke.
As you read the scroll of teleportation, it crumbles to dust.
You feel strangely unstable. You block the basilisk's attack.
Found a stone staircase leading down.
You feel stable enough to blink again. The basilisk gazes at you.
You are slowing down.
A cyclops comes into view.
Your surroundings suddenly seem different.
A bullfrog comes into view.
The cyclops moves out of view.
Your limbs are stiffening.
Unknown command.
The bullfrog barely misses you.
You have turned to stone.
The bullfrog hits you. x2
The jelly quivers.
The bullfrog hits you. The bullfrog hits you. x2
The slime creature quivers.
The bullfrog hits you but does no damage.
The bullfrog hits you. x2
* * * LOW HITPOINT WARNING * * *
The bullfrog hits you.
* * * LOW HITPOINT WARNING * * *
The bullfrog hits you but does no damage.
The jelly hits you.
You are splashed with acid!
* * * LOW HITPOINT WARNING * * *
The bullfrog hits you but does no damage.
The bullfrog barely misses you. The jelly hits you but does no damage.
An orc comes into view. It is wielding a +0 short sword.
The orc shouts!
The bullfrog hits you but does no damage.
The jelly hits you. The acid corrodes you!
You are splashed with acid!
* * * LOW HITPOINT WARNING * * *
The slime creature hits you!
You die...
Your body crumbles into a pile of gold.

#...###...#...#.....# #.# .
#...###V..#.#.....# #.#
.##..##.###.#.#..>..####.#
............#.#......V...#
....#...###.#.#......#####
##....####....#....o.#..
....####..#...#......#o#
..####..#.#...#F.J.....#
####...#..#.#.##@J.....#
#..#...#.#.#..........#
..#...#..#.#####......#
##..#...#.#.# #......#
.###...#..#.# #......#
...###..#.#.# #......#
##...###..#.# #.....### ##
####...###..#####.....#8###⌠###8
###......#.....###...........


You could see a slime creature, a vampire, a bullfrog, a jelly and 2 orcs.

Vanquished Creatures
  A hydra (D:7)
  A kobold demonologist (D:7)
  A troll (D:7)
  Edmund (D:4)
  Duvessa (D:4)
  A sky beast (D:6)
  A black bear (D:4)
  2 necrophages
  4 centaurs
  A phantom (D:5)
  6 scorpions
  A water moccasin zombie (D:5)
  A water moccasin skeleton (D:5)
  Dowan (D:4)
  A howler monkey (D:6)
  A centaur zombie (D:7)
  3 hounds (D:6)
  A jelly (D:4)
  A gnoll shaman (D:5)
  An orc priest (D:3)
  2 centaur skeletons (D:7)
  3 iguanas
  2 orc wizards
  An adder (D:6)
  6 gnolls (D:5)
  A shadow imp (D:6)
  A white imp (D:6)
  An ufetubus (D:4)
  2 worms (D:2)
  4 dart slugs
  18 orcs
  5 bats
  3 endoplasms
  3 giant cockroaches
  9 goblins
  A hobgoblin (D:1)
  11 jackals
  4 quokkas
  4 ball pythons
  3 frilled lizards
  11 kobolds
  8 rats
134 creatures vanquished.

Notes
Turn   | Place    | Note
-------+----------+-------------------------------------------
     0 | D:1      | H0rd4k the Deep Elf Hedge Wizard began the quest for the
                  | Orb.
     0 | D:1      | Reached XP level 1. HP: 10/10 MP: 7/7
   204 | D:1      | Reached skill level 5 in Spellcasting
   422 | D:1      | Reached XP level 2. HP: 15/15 MP: 6/10
  1009 | D:1      | Reached XP level 3. HP: 18/19 MP: 3/12
  1012 | D:1      | Learned a level 2 spell: Blink
  1016 | D:1      | Learned a level 3 spell: Conjure Flame
  1020 | D:1      | Learned a level 3 spell: Mephitic Cloud
  1860 | D:2      | Found a shimmering blue altar of Sif Muna.
  2375 | D:3      | Reached XP level 4. HP: 24/24 MP: 10/13
  2386 | D:3      | Reached skill level 6 in Spellcasting
  2386 | D:3      | Reached skill level 1 in Air Magic
  2829 | D:3      | Reached skill level 1 in Fire Magic
  3054 | D:3      | Noticed Ijyb
  3068 | D:3      | HP: 1/24 [Ijyb/+5 club (5)]
  3457 | D:3      | Found a white marble altar of Elyvilon.
  3627 | D:4      | Noticed a centaur
  3636 | D:4      | Killed a centaur
  3637 | D:4      | Reached skill level 1 in Poison Magic
  3637 | D:4      | Reached XP level 5. HP: 17/28 MP: 5/16
  3947 | D:4      | Noticed a black bear
  3959 | D:4      | Killed a black bear
  3960 | D:4      | Reached XP level 6. HP: 32/32 MP: 4/17
  4333 | D:4      | Noticed Edmund
  4373 | D:4      | Killed Edmund
  4374 | D:4      | Reached skill level 7 in Spellcasting
  4511 | D:4      | Noticed Duvessa
  4511 | D:4      | Noticed Dowan
  4519 | D:4      | Killed Duvessa
  4519 | D:4      | Killed Dowan
  4520 | D:4      | Reached skill level 8 in Spellcasting
  4520 | D:4      | Reached XP level 7. HP: 36/36 MP: 8/20
  5162 | D:5      | Entered Level 5 of the Dungeon
  5434 | D:5      | Found a transporter.
  5514 | D:5      | Reached skill level 5 in Conjurations
  5798 | D:5      | Noticed CInkIbrahim's ghost (novice MfGl)
  5828 | D:5      | Reached skill level 9 in Spellcasting
  6060 | D:5      | Found a transporter.
  6108 | D:5      | Reached XP level 8. HP: 40/42 MP: 2/23
  7203 | D:6      | Found Wiewk's Assorted Antiques.
  7354 | D:6      | Found a shimmering altar of Xom.
  7390 | D:6      | Reached skill level 10 in Spellcasting
  7433 | D:6      | Found a staircase to the Ecumenical Temple.
  7442 | Temple   | Entered the Ecumenical Temple
  7848 | Temple   | Became a worshipper of Gozag Ym Sagoz the Greedy
  8075 | D:6      | Found the +2 shield of Resistance {rF++ rC++ Will++}
  9023 | D:7      | Noticed a cyan ugly thing
  9373 | D:7      | Reached skill level 11 in Spellcasting
  9627 | D:7      | Noticed a seven-headed hydra
  9627 | D:7      | Noticed a slime creature
  9887 | D:7      | Noticed a kobold demonologist
  9904 | D:7      | Killed a kobold demonologist
  9905 | D:7      | Reached XP level 9. HP: 43/46 MP: 10/26
 10029 | D:7      | Noticed a troll
 10031 | D:7      | Noticed a green ugly thing
 10082 | D:7      | Killed a troll
 10250 | D:7      | Killed a seven-headed hydra
 10251 | D:7      | Reached skill level 12 in Spellcasting
 10440 | D:7      | Noticed a cyclops
 10450 | D:7      | Slain by a slime creature

Illustrated notes

Levels and vault maps discovered:
D:1:      eino_arrival_cavern_d, layout_loops_ring
D:2:      layout_basic, basic_altar
D:3:      layout_loops_ring, lemuel_round_altar, uniq_ijyb
D:4:      layout_basic, minmay_small_thing, uniq_edmund, uniq_duvessa
D:5:      layout_basic, gammafunk_ghost_mausoleum
D:6:      minmay_chambers_of_sixes, layout_basic,
          nicolae_overflow_hidden_temple, minmay_temple_entry_antechambers,
          nicolae_stop_n_shop_2
D:7:      minmay_the_grid_triangle_9x9_rhombus_thin
          [minmay_the_grid_triangle_9x9_dagger,
          minmay_the_grid_triangle_9x9_prize_center,
          minmay_the_grid_triangle_9x9_zippers_horizontal,
          minmay_the_grid_triangle_9x9_swiss_cheese], layout_basic,
          serial_corexii_hall, chequers_hall_statues_corner_a,
          corexii_hall_statues_i
Temple:   mainiacjoe_temple_big_plus

Skill      XL: |  1  2  3  4  5  6  7  8  9 |
---------------+----------------------------+-----
Spellcasting   | 5 6 8 9 11 12 | 12.2
Air Magic      | 1 2 |  2.3
Fire Magic     | 1 2 3 |  3.2
Conjurations   | 2 3 4 5 7 8 |  8.5
Poison Magic   | 1 2 3 |  3.0
Dodging        | 3 4 |  4.0
Translocations | 2 3 |  3.1
Fighting       | |  0.7
Stealth        | |  2.4
Shields        | |  0.8
Summonings     | |  1.2

Action                   |  1- 3 |  4- 6 |  7- 9 || total
-------------------------+-------+-------+-------++-------
Melee: Dagger            |       |       |     3 ||     3
 Cast: Magic Dart        |   134 |   103 |   289 ||   526
       Blink             |       |     3 |    12 ||    15
       Mephitic Cloud    |       |     4 |    14 ||    18
       Conjure Flame     |       |     3 |    32 ||    35
  Use: Scroll            |       |       |    10 ||    10
       Potion            |       |       |     1 ||     1
Armor: Robe              |     4 |       |    12 ||    16
Dodge: Dodged            |    16 |    20 |    45 ||    81
Block: Other             |       |       |    14 ||    14
       Reflection        |       |       |     1 ||     1
